 Dungeon Crawl Stone Soup version 0.21.1-1-g345015fe64 (webtiles) character file.

7933 KleinerIrrer the Cleaver (level 11, -3/97 HPs)
             Began as a Deep Dwarf Fighter on Apr 12, 2018.
             Was a Priest of Makhleb.
             Succumbed to a tengu reaver's poison
             ... on level 11 of the Dungeon.
             The game lasted 00:02:41 (9221 turns).

KleinerIrrer the Cleaver (Deep Dwarf Fighter)       Turns: 9221, Time: 00:02:42

Health: -3/97      AC: 17    Str: 22    XL:     11   Next: 3%
Magic:  2/2        EV:  6    Int: 10    God:    Makhleb [***...]
Gold:   226        SH:  9    Dex: 12    Spells: 10/10 levels left

rFire    . . .     SeeInvis .   Y - +2 war axe
rCold    . . .     Gourm    .   c - +0 shield
rNeg     . . .     Faith    .   u - +0 plate armour
rPois    .         Spirit   .   (no helmet)
rElec    .         Reflect  .   s - +2 cloak
rCorr    .         Harm     .   (no gloves)
MR       +....                  m - +2 pair of boots
Stlth    ..........             (no amulet)
HPRegen  0.00/turn              j - +2 ring of protection
MPRegen  0.08/turn              (no ring)

@: lethally poisoned (-3 -> -32), about to teleport, corroded, non-regenerating
A: damage resistance, heal wounds, sense surroundings 2, no regeneration
a: Heal Wounds, Minor Destruction, Lesser Servant of Makhleb, Renounce Religion


You were on level 11 of the Dungeon.
You worshipped Makhleb.
Makhleb was most pleased with you.
You were not hungry.

You visited 2 branches of the dungeon, and saw 12 of its levels.
You also visited: Sewer.

You collected 537 gold pieces.
You spent 311 gold pieces at shops.


Innate Abilities, Weirdness & Mutations

You are resistant to damage.
You can heal yourself by infusing magical energy.
You passively map the area around you.
You do not regenerate.


   Skills:
 - Level 6.2 Fighting
 - Level 13.2 Axes
 + Level 6.9 Armour
 - Level 3.9 Dodging
 - Level 3.2 Shields
 + Level 9.7 Invocations


You had 10 spell levels left.
You didn't know any spells.

Inventory:

Hand Weapons
 k - a +0 flail
 Y - a +2 war axe (weapon)
Missiles
 q - 9 tomahawks (quivered)
Armour
 c - a +0 shield (worn)
 m - a +2 pair of boots (worn)
 s - a +2 cloak (worn)
 u - a +0 plate armour (worn)
Jewellery
 g - an uncursed ring of fire
 h - an uncursed ring of poison resistance {unknown}
 i - an uncursed ring of fire
 j - a +2 ring of protection (left hand)
Wands
 v - a wand of scattershot (8)
Scrolls
 a - 3 scrolls of teleportation
 b - 7 scrolls of identify
 o - a scroll of blinking {unknown}
 t - a scroll of remove curse
Potions
 d - 3 potions of might
 n - 2 potions of haste
 p - a potion of cancellation
 r - a potion of resistance
Comestibles
 e - 22 rations

Dungeon Overview and Level Annotations

Branches:
Dungeon (11/15)            Temple (1/1) D:6            Lair (0/6) D:11
    Orc (0/2) D:11

Altars:
Ashenzari
Cheibriados
Dithmenos
Elyvilon
Fedhas
Gozag
Hepliaklqana
Kikubaaqudgha
Makhleb
Nemelex Xobeh
Okawaru
Qazlal
Ru
Sif Muna
Trog
Uskayaw
Vehumet
Wu Jian
Xom
Yredelemnul
Zin
The Shining One

Shops:
D:5 }   D:7 %   D:8 ?

Annotations:
D:11 DwarfAlpaca's ghost, journeyman OpFE


Message History

You block the tengu reaver's attack.
Your shield and plate armour prevent you from hitting the tengu reaver.
The tengu reaver is almost dead.
You feel very sick.
You hit the tengu reaver.
The tengu reaver is almost dead.
You feel very sick. You block the tengu reaver's attack.
The tengu reaver pecks you but does no damage.
You block the tengu reaver's attack.
You closely miss the tengu reaver.
The tengu reaver is almost dead.
You feel very sick. The tengu reaver casts a spell at you.
The bolt of acid hits you! The acid corrodes you!
You are splashed with acid!
The acid burns!
9221 ||| READING 4 scrolls of teleportation.
As you read the scroll of teleportation, it crumbles to dust.
You feel strangely unstable.
You die...

, ,, .... , ##.#.. , .
,,... ##### * , ....
##'############.... ,.....
#........#.....>... *
......#........#...##....
......'........'...##....
,.(..(.#..*....#######....
*,....(.###Q#####., ,
#.... .....(.)@........ ,
'.... * , ,
.......%......... ,.#####
, ######(........... , ,
,,, #..$......... , ,
#.%....[..... , *, *
#............ , ,
,,#:.........( , * *
###......## * ** *
#......#


You could see a tengu reaver and a battlesphere.

Vanquished Creatures
  A two-headed ogre (D:10)
  An ugly thing (D:10)
  A gargoyle (D:11)
  A tengu conjurer (D:11)
  A troll (D:10)
  A hippogriff (D:9)
  A spriggan (D:8)
  2 vampires (D:10)
  2 hungry ghosts (D:7)
  A water moccasin (D:7)
  An acid dragon (D:7)
  4 ice beasts
  2 orc warriors
  A sky beast (D:11)
  4 phantoms
  5 ogres
  4 centaurs
  2 big kobolds
  6 bullfrogs
  2 scorpions
  13 killer bees
  4 wights (D:8)
  4 howler monkeys
  5 centaur zombies
  3 crimson imps
  A quasit (D:10)
  A jelly (D:7)
  3 orc priests
  2 centaur skeletons
  3 hounds
  3 orc wizards
  A bullfrog skeleton (D:9)
  An iguana (D:8)
  8 worker ants
  A hound skeleton (D:8)
  A worker ant zombie (D:10)
  10 gnolls
  A howler monkey skeleton (D:9)
  13 adders
  An ooze (D:5)
  4 adder skeletons
  4 worms
  5 leopard geckos
  25 orcs
  2 ball pythons (Sewer)
  13 bats
  8 giant cockroaches
  7 goblins
  7 hobgoblins
  8 jackals
  5 quokkas
  4 frilled lizards
  A jackal skeleton (D:6)
  12 kobolds
  A leopard gecko zombie (D:7)
  A quokka skeleton (D:4)
  6 rats
235 creatures vanquished.

Vanquished Creatures (others)
  A kobold (D:11)
1 creature vanquished.

Grand Total: 236 creatures vanquished

Notes
Turn   | Place    | Note
-------+----------+-------------------------------------------
     0 | D:1      | KleinerIrrer the Deep Dwarf Fighter began the quest for the Orb.
     0 | D:1      | Reached XP level 1. HP: 20/20 MP: 1/1
     0 | D:1      | 0 ||| counter = 70
   248 | D:1      | Reached skill level 3 in Axes
   252 | D:1      | Reached XP level 2. HP: 24/27 MP: 2/2
   669 | D:1      | Reached skill level 1 in Dodging
   809 | D:1      | 809 ||| READING 2 scrolls labeled ATESKORHIU.
   814 | D:1      | 814 ||| READING scroll labeled OFRARAYTTU.
   815 | D:1      | 815 ||| READING scroll labeled VAPPAC RUQALI.
   836 | D:2      | 836 ||| STAIRDANCE
  1140 | D:2      | Reached XP level 3. HP: 27/33 MP: 3/3
  1298 | D:2      | Reached skill level 4 in Axes
  1685 | D:2      | 1685 ||| UPGRADING to cloak.
  1690 | D:2      | 1690 ||| READING scroll labeled GYETHIY TUDI.
  1691 | D:2      | 1691 ||| READING scroll labeled JOPTIF OQYM.
  1692 | D:2      | 1692 ||| READING scroll labeled OTOV UKOAF.
  1693 | D:2      | 1693 ||| READING scroll labeled UMMIAFA ECAN NIA.
  1694 | D:2      | 1694 ||| READING scroll labeled TIVVUV OM CAC.
  1695 | D:2      | 1695 ||| READING scroll labeled XOEPLU ITHRO.
  1696 | D:2      | 1696 ||| DRINKING 2 glowing red potions.
  1697 | D:2      | 1697 ||| DRINKING 2 ruby potions.
  1747 | D:3      | 1747 ||| STAIRDANCE
  1754 | D:3      | 1754 ||| STAIRDANCE
  1759 | D:3      | 1759 ||| STAIRDANCE
  1776 | D:3      | 1776 ||| READING scroll of enchant armour.
  1776 | D:3      | 1776 ||| ENCHANTING cursed +0 cloak.
  1855 | D:3      | Reached XP level 4. HP: 23/40 MP: 4/4
  1858 | D:3      | 1858 ||| INVOKING Heal Wounds.
  1862 | D:3      | Reached skill level 5 in Axes
  1871 | D:3      | 1871 ||| DROPPING club.
  2355 | D:3      | 2355 ||| READING scroll labeled GICA HUQUYSH.
  2356 | D:3      | 2356 ||| READING scroll of identify.
  2356 | D:3      | 2356 ||| IDENTIFYING pearl ring
  2464 | D:4      | Reached XP level 5. HP: 29/46 MP: 5/5
  2465 | D:4      | Noticed a phantom
  2484 | D:4      | Killed a phantom
  2484 | D:4      | Reached skill level 6 in Axes
  2581 | D:4      | Reached XP level 6. HP: 26/55 MP: 6/6
  2606 | D:4      | 2606 ||| INVOKING Heal Wounds.
  2609 | D:4      | Reached skill level 7 in Axes
  2698 | D:4      | Found an iron altar of Okawaru.
  3118 | D:4      | 3118 ||| READING scroll labeled NAOTWO YMONN.
  3119 | D:4      | 3119 ||| DRINKING 2 bubbling amethyst potions.
  3153 | D:4      | 3153 ||| DRINKING 2 coppery potions.
  3154 | D:4      | 3154 ||| DROPPING potion of berserk rage.
  3155 | D:4      | 3155 ||| DROPPING potion of flight.
  3206 | D:5      | Entered Level 5 of the Dungeon
  3349 | D:5      | Noticed an ice beast
  3363 | D:5      | Killed an ice beast
  3363 | D:5      | Reached skill level 8 in Axes
  3363 | D:5      | Reached XP level 7. HP: 31/61 MP: 7/7
  3364 | D:5      | 3364 ||| INVOKING Heal Wounds.
  3384 | D:5      | 3384 ||| UPGRADING to flail.
  3385 | D:5      | 3385 ||| SWAPPING to +1 war axe.
  3386 | D:5      | 3386 ||| READING scroll of remove curse.
  3444 | D:5      | Reached skill level 3 in Fighting
  3479 | D:5      | Found a shimmering altar of Xom.
  3482 | D:5      | Found a glowing drain.
  3483 | D:5      | 3483 ||| Found Sewer.
  3534 | Sewer    | Entered a sewer
  3535 | Sewer    | 3535 ||| Entered Sewer.
  3678 | Sewer    | 3678 ||| Stepping ~*~*~tactically~*~*~ (water).
  3693 | Sewer    | 3693 ||| Stepping ~*~*~tactically~*~*~ (water).
  3699 | Sewer    | 3699 ||| Stepping ~*~*~tactically~*~*~ (water).
  3720 | Sewer    | 3720 ||| Stepping ~*~*~tactically~*~*~ (water).
  3722 | Sewer    | 3722 ||| Stepping ~*~*~tactically~*~*~ (water).
  3724 | Sewer    | 3724 ||| Stepping ~*~*~tactically~*~*~ (water).
  3726 | Sewer    | 3726 ||| Stepping ~*~*~tactically~*~*~ (water).
  3728 | Sewer    | 3728 ||| Stepping ~*~*~tactically~*~*~ (water).
  3730 | Sewer    | 3730 ||| Stepping ~*~*~tactically~*~*~ (water).
  3732 | Sewer    | 3732 ||| Stepping ~*~*~tactically~*~*~ (water).
  3734 | Sewer    | 3734 ||| Stepping ~*~*~tactically~*~*~ (water).
  3736 | Sewer    | 3736 ||| Stepping ~*~*~tactically~*~*~ (water).
  3738 | Sewer    | 3738 ||| Stepping ~*~*~tactically~*~*~ (water).
  3740 | Sewer    | 3740 ||| Stepping ~*~*~tactically~*~*~ (water).
  3742 | Sewer    | 3742 ||| Stepping ~*~*~tactically~*~*~ (water).
  3744 | Sewer    | 3744 ||| Stepping ~*~*~tactically~*~*~ (water).
  3746 | Sewer    | 3746 ||| Stepping ~*~*~tactically~*~*~ (water).
  3748 | Sewer    | 3748 ||| Stepping ~*~*~tactically~*~*~ (water).
  3750 | Sewer    | 3750 ||| Stepping ~*~*~tactically~*~*~ (water).
  3752 | Sewer    | 3752 ||| Stepping ~*~*~tactically~*~*~ (water).
  3754 | Sewer    | 3754 ||| Stepping ~*~*~tactically~*~*~ (water).
  3756 | Sewer    | 3756 ||| Stepping ~*~*~tactically~*~*~ (water).
  3758 | Sewer    | 3758 ||| Stepping ~*~*~tactically~*~*~ (water).
  3760 | Sewer    | 3760 ||| Stepping ~*~*~tactically~*~*~ (water).
  3762 | Sewer    | 3762 ||| Stepping ~*~*~tactically~*~*~ (water).
  3764 | Sewer    | 3764 ||| Stepping ~*~*~tactically~*~*~ (water).
  3766 | Sewer    | 3766 ||| Stepping ~*~*~tactically~*~*~ (water).
  3768 | Sewer    | 3768 ||| Stepping ~*~*~tactically~*~*~ (water).
  3770 | Sewer    | 3770 ||| Stepping ~*~*~tactically~*~*~ (water).
  3772 | Sewer    | 3772 ||| Stepping ~*~*~tactically~*~*~ (water).
  3774 | Sewer    | 3774 ||| Stepping ~*~*~tactically~*~*~ (water).
  3776 | Sewer    | 3776 ||| Stepping ~*~*~tactically~*~*~ (water).
  3778 | Sewer    | 3778 ||| Stepping ~*~*~tactically~*~*~ (water).
  3780 | Sewer    | 3780 ||| Stepping ~*~*~tactically~*~*~ (water).
  3782 | Sewer    | 3782 ||| Stepping ~*~*~tactically~*~*~ (water).
  3784 | Sewer    | 3784 ||| Stepping ~*~*~tactically~*~*~ (water).
  3786 | Sewer    | 3786 ||| Stepping ~*~*~tactically~*~*~ (water).
  3788 | Sewer    | 3788 ||| Stepping ~*~*~tactically~*~*~ (water).
  3790 | Sewer    | 3790 ||| Stepping ~*~*~tactically~*~*~ (water).
  3792 | Sewer    | 3792 ||| Stepping ~*~*~tactically~*~*~ (water).
  3794 | Sewer    | 3794 ||| Stepping ~*~*~tactically~*~*~ (water).
  3796 | Sewer    | 3796 ||| Stepping ~*~*~tactically~*~*~ (water).
  3798 | Sewer    | 3798 ||| Stepping ~*~*~tactically~*~*~ (water).
  3800 | Sewer    | 3800 ||| Stepping ~*~*~tactically~*~*~ (water).
  3802 | Sewer    | 3802 ||| Stepping ~*~*~tactically~*~*~ (water).
  3804 | Sewer    | 3804 ||| Stepping ~*~*~tactically~*~*~ (water).
  3806 | Sewer    | 3806 ||| Stepping ~*~*~tactically~*~*~ (water).
  3808 | Sewer    | 3808 ||| Stepping ~*~*~tactically~*~*~ (water).
  3810 | Sewer    | 3810 ||| Stepping ~*~*~tactically~*~*~ (water).
  3812 | Sewer    | 3812 ||| Stepping ~*~*~tactically~*~*~ (water).
  3814 | Sewer    | 3814 ||| Stepping ~*~*~tactically~*~*~ (water).
  3816 | Sewer    | 3816 ||| Stepping ~*~*~tactically~*~*~ (water).
  3818 | Sewer    | 3818 ||| Stepping ~*~*~tactically~*~*~ (water).
  3820 | Sewer    | 3820 ||| Stepping ~*~*~tactically~*~*~ (water).
  3822 | Sewer    | 3822 ||| Stepping ~*~*~tactically~*~*~ (water).
  3824 | Sewer    | 3824 ||| Stepping ~*~*~tactically~*~*~ (water).
  3826 | Sewer    | 3826 ||| Stepping ~*~*~tactically~*~*~ (water).
  3828 | Sewer    | 3828 ||| Stepping ~*~*~tactically~*~*~ (water).
  3830 | Sewer    | 3830 ||| Stepping ~*~*~tactically~*~*~ (water).
  3832 | Sewer    | 3832 ||| Stepping ~*~*~tactically~*~*~ (water).
  3834 | Sewer    | 3834 ||| Stepping ~*~*~tactically~*~*~ (water).
  3836 | Sewer    | 3836 ||| Stepping ~*~*~tactically~*~*~ (water).
  3838 | Sewer    | 3838 ||| Stepping ~*~*~tactically~*~*~ (water).
  3840 | Sewer    | 3840 ||| Stepping ~*~*~tactically~*~*~ (water).
  3842 | Sewer    | 3842 ||| Stepping ~*~*~tactically~*~*~ (water).
  3844 | Sewer    | 3844 ||| Stepping ~*~*~tactically~*~*~ (water).
  3846 | Sewer    | 3846 ||| Stepping ~*~*~tactically~*~*~ (water).
  3848 | Sewer    | 3848 ||| Stepping ~*~*~tactically~*~*~ (water).
  3850 | Sewer    | 3850 ||| Stepping ~*~*~tactically~*~*~ (water).
  3852 | Sewer    | 3852 ||| Stepping ~*~*~tactically~*~*~ (water).
  3854 | Sewer    | 3854 ||| Stepping ~*~*~tactically~*~*~ (water).
  3856 | Sewer    | 3856 ||| Stepping ~*~*~tactically~*~*~ (water).
  3858 | Sewer    | 3858 ||| Stepping ~*~*~tactically~*~*~ (water).
  3860 | Sewer    | 3860 ||| Stepping ~*~*~tactically~*~*~ (water).
  3862 | Sewer    | 3862 ||| Stepping ~*~*~tactically~*~*~ (water).
  3864 | Sewer    | 3864 ||| Stepping ~*~*~tactically~*~*~ (water).
  3866 | Sewer    | 3866 ||| Stepping ~*~*~tactically~*~*~ (water).
  3868 | Sewer    | 3868 ||| Stepping ~*~*~tactically~*~*~ (water).
  3870 | Sewer    | 3870 ||| Stepping ~*~*~tactically~*~*~ (water).
  3872 | Sewer    | 3872 ||| Stepping ~*~*~tactically~*~*~ (water).
  3874 | Sewer    | 3874 ||| Stepping ~*~*~tactically~*~*~ (water).
  3876 | Sewer    | 3876 ||| Stepping ~*~*~tactically~*~*~ (water).
  3878 | Sewer    | 3878 ||| Stepping ~*~*~tactically~*~*~ (water).
  3880 | Sewer    | 3880 ||| Stepping ~*~*~tactically~*~*~ (water).
  3882 | Sewer    | 3882 ||| Stepping ~*~*~tactically~*~*~ (water).
  3922 | Sewer    | 3922 ||| Stepping ~*~*~tactically~*~*~ (water).
  3976 | Sewer    | 3976 ||| DRINKING 2 silvery potions.
  3977 | Sewer    | 3977 ||| READING 2 scrolls of identify.
  3977 | Sewer    | 3977 ||| IDENTIFYING ring of fire
  3978 | Sewer    | 3978 ||| READING scroll of identify.
  3978 | Sewer    | 3978 ||| IDENTIFYING iron ring
  3979 | Sewer    | 3979 ||| UPGRADING to +2 ring of protection.
  3980 | Sewer    | 3980 ||| DROPPING potion of agility.
  4051 | D:5      | 4051 ||| INVOKING Heal Wounds.
  4052 | D:5      | Reached skill level 9 in Axes
  4160 | D:5      | Found Neimnat's Gadget Emporium.
  4163 | D:5      | 4163 ||| SHOPLISTING wand of digging (11) (360 gold, have 204).
  4290 | D:5      | 4290 ||| UPGRADING to chain mail.
  4300 | D:5      | 4300 ||| DROPPING +0 scale mail.
  4301 | D:5      | 4301 ||| READING scroll labeled MUL WUUWIO.
  4326 | D:5      | 4326 ||| DRINKING 2 bubbling white potions.
  4327 | D:5      | 4327 ||| DRINKING 2 murky puce potions.
  4364 | D:5      | 4364 ||| READING scroll of identify.
  4364 | D:5      | 4364 ||| IDENTIFYING small cameo amulet
  4365 | D:5      | 4365 ||| DROPPING amulet of magic regeneration.
  4366 | D:5      | 4366 ||| DROPPING potion of lignification.
  4487 | D:6      | Reached XP level 8. HP: 51/69 MP: 7/7
  4532 | D:6      | Found a staircase to the Ecumenical Temple.
  4539 | Temple   | Entered the Ecumenical Temple
  4540 | Temple   | 4540 ||| Entered T.
  4562 | Temple   | Became a worshipper of Makhleb the Destroyer
  5076 | D:6      | Reached skill level 10 in Axes
  5148 | D:6      | Reached skill level 1 in Invocations
  5309 | D:6      | Reached skill level 3 in Invocations
  5492 | D:6      | 5492 ||| READING scroll labeled FAISHA QOTAEB.
  5493 | D:6      | 5493 ||| READING scroll of identify.
  5493 | D:6      | 5493 ||| IDENTIFYING agate ring
  5494 | D:6      | 5494 ||| DROPPING cursed ring of loudness.
  5532 | D:7      | 5532 ||| STAIRDANCE
  5557 | D:7      | 5557 ||| INVOKING Heal Wounds.
  5619 | D:7      | 5619 ||| EATING 10 rations.
  5622 | D:7      | 5622 ||| EATING 10 rations.
  5630 | D:7      | 5630 ||| EATING 10 rations.
  5638 | D:7      | 5638 ||| EATING 10 rations.
  5641 | D:7      | 5641 ||| EATING 10 rations.
  5646 | D:7      | 5646 ||| EATING 10 rations.
  5648 | D:7      | 5648 ||| INVOKING Heal Wounds.
  5659 | D:7      | Reached skill level 11 in Axes
  5673 | D:7      | 5673 ||| EATING 10 rations.
  5679 | D:7      | 5679 ||| EATING 10 rations.
  5683 | D:7      | Reached skill level 3 in Dodging
  5683 | D:7      | Gained mutation: You passively map the area around you. [Deep Dwarf growth]
  5683 | D:7      | Reached XP level 9. HP: 67/78 MP: 10/10
  5686 | D:7      | 5686 ||| EATING 9 rations.
  5710 | D:7      | Found Qoomod's Food Shoppe.
  5755 | D:7      | Reached * piety under Makhleb
  5829 | D:7      | 5829 ||| INVOKING Heal Wounds.
  6098 | D:7      | 6098 ||| READING scroll of enchant armour.
  6098 | D:7      | 6098 ||| ENCHANTING +1 cloak.
  6245 | D:7      | 6245 ||| UPGRADING to pair of boots.
  6250 | D:7      | 6250 ||| READING scroll of enchant armour.
  6250 | D:7      | 6250 ||| ENCHANTING +0 pair of boots.
  6251 | D:7      | 6251 ||| READING 2 scrolls of identify.
  6251 | D:7      | 6251 ||| IDENTIFYING glowing ruby ring
  6252 | D:7      | 6252 ||| DROPPING cursed -3 ring of strength.
  6318 | D:8      | 6318 ||| INVOKING Heal Wounds.
  6324 | D:8      | 6324 ||| INVOKING Heal Wounds.
  6326 | D:8      | 6326 ||| INVOKING Heal Wounds.
  6332 | D:8      | 6332 ||| INVOKING Heal Wounds.
  6663 | D:8      | Reached skill level 12 in Axes
  6677 | D:8      | Reached skill level 6 in Armour
  6690 | D:8      | Found Ipha's Magic Scroll Shop.
  6702 | D:8      | Bought a scroll of enchant armour for 97 gold pieces
  6702 | D:8      | Bought a scroll of enchant weapon for 97 gold pieces
  6702 | D:8      | Bought a scroll of identify for 26 gold pieces
  6702 | D:8      | Bought a scroll of teleportation for 39 gold pieces
  6702 | D:8      | Bought a scroll of identify for 26 gold pieces
  6702 | D:8      | Bought a scroll of identify for 26 gold pieces
  6702 | D:8      | 6702 ||| SHOPLISTING scroll of teleportation (39 gold, have 20).
  6702 | D:8      | 6702 ||| SHOPLISTING scroll of brand weapon (260 gold, have 20).
  6702 | D:8      | 6702 ||| SHOPLISTING scroll of identify (26 gold, have 20).
  6702 | D:8      | 6702 ||| READING scroll of enchant armour.
  6702 | D:8      | 6702 ||| ENCHANTING +1 pair of boots.
  6703 | D:8      | 6703 ||| READING scroll of enchant weapon.
  6703 | D:8      | 6703 ||| ENCHANTING +1 war axe.
  7046 | D:8      | 7046 ||| READING 8 scrolls of identify.
  7046 | D:8      | 7046 ||| IDENTIFYING pink potion
  7047 | D:8      | 7047 ||| READING 7 scrolls of identify.
  7047 | D:8      | 7047 ||| IDENTIFYING sapphire potion
  7048 | D:8      | 7048 ||| READING 6 scrolls of identify.
  7048 | D:8      | 7048 ||| IDENTIFYING cyan potion
  7049 | D:8      | 7049 ||| DROPPING potion of ambrosia.
  7228 | D:9      | 7228 ||| EATING 20 rations.
  7306 | D:9      | Reached ** piety under Makhleb
  7306 | D:9      | Reached skill level 6 in Fighting
  7365 | D:9      | Reached XP level 10. HP: 73/91 MP: 8/8
  7629 | D:9      | Found a blossoming altar of Fedhas.
  7910 | D:10     | Entered Level 10 of the Dungeon
  7914 | D:10     | 7914 ||| STAIRDANCE
  7940 | D:10     | 7940 ||| STAIRDANCE
  8127 | D:10     | Reached skill level 6 in Invocations
  8289 | D:10     | Noticed a cyan ugly thing
  8306 | D:10     | 8306 ||| INVOKING Heal Wounds.
  8310 | D:10     | Killed a cyan ugly thing
  8368 | D:10     | 8368 ||| INVOKING Heal Wounds.
  8383 | D:10     | 8383 ||| INVOKING Heal Wounds.
  8466 | D:10     | 8466 ||| EATING 22 rations.
  8474 | D:10     | Noticed a two-headed ogre
  8484 | D:10     | Killed a two-headed ogre
  8484 | D:10     | Reached skill level 13 in Axes
  8646 | D:10     | 8646 ||| UPGRADING to plate armour.
  8656 | D:10     | 8656 ||| DROPPING +0 chain mail.
  8681 | D:11     | Noticed a gargoyle
  8702 | D:11     | Killed a gargoyle
  8702 | D:11     | Reached skill level 9 in Invocations
  8730 | D:11     | Noticed a tengu reaver
  8730 | D:11     | Noticed a fire dragon
  8733 | D:11     | HP: 13/91 [tengu reaver/bolt of poison (37)]
  8734 | D:11     | 8734 ||| READING 7 scrolls of teleportation.
  8734 | D:11     | HP: 4/91 [tengu conjurer/bolt of poison (6)]
  8735 | D:11     | 8735 ||| DRINKING 2 potions of heal wounds.
  8736 | D:11     | 8736 ||| DRINKING potion of heal wounds.
  8737 | D:11     | 8737 ||| INVOKING Heal Wounds.
  8738 | D:11     | 8738 ||| DRINKING 3 potions of curing.
  8738 | D:11     | 8738 ||| (to cure poison)
  8857 | D:11     | Found a staircase to the Orcish Mines.
  8879 | D:11     | Found a staircase to the Lair.
  8919 | D:11     | Noticed a fire giant
  8928 | D:11     | HP: 14/91 [fire giant/bolt of fire (51)]
  8929 | D:11     | 8929 ||| READING 6 scrolls of teleportation.
  8930 | D:11     | 8930 ||| INVOKING Heal Wounds.
  8931 | D:11     | 8931 ||| INVOKING Heal Wounds.
  8934 | D:11     | 8934 ||| INVOKING Heal Wounds.
  8935 | D:11     | 8935 ||| INVOKING Heal Wounds.
  8936 | D:11     | 8936 ||| INVOKING Heal Wounds.
  9095 | D:11     | Noticed DwarfAlpaca's ghost (journeyman OpFE)
  9118 | D:11     | Reached *** piety under Makhleb
  9126 | D:11     | 9126 ||| INVOKING Heal Wounds.
  9127 | D:11     | 9127 ||| Stepping ~*~*~tactically~*~*~ (cloud).
  9130 | D:11     | 9130 ||| INVOKING Heal Wounds.
  9137 | D:11     | 9137 ||| DRINKING 2 potions of curing.
  9137 | D:11     | 9137 ||| (to cure bad poison)
  9138 | D:11     | 9138 ||| INVOKING Heal Wounds.
  9139 | D:11     | 9139 ||| INVOKING Heal Wounds.
  9139 | D:11     | HP: 15/91 [tengu reaver/bolt of poison (42)]
  9139 | D:11     | HP: 6/91 [battlesphere[a tengu reaver] (9)]
  9140 | D:11     | 9140 ||| READING 5 scrolls of teleportation.
  9141 | D:11     | 9141 ||| INVOKING Heal Wounds.
  9142 | D:11     | 9142 ||| INVOKING Heal Wounds.
  9143 | D:11     | 9143 ||| INVOKING Heal Wounds.
  9144 | D:11     | 9144 ||| INVOKING Heal Wounds.
  9145 | D:11     | 9145 ||| DRINKING potion of curing.
  9145 | D:11     | 9145 ||| (to cure poison)
  9175 | D:11     | Reached XP level 11. HP: 83/97 MP: 5/5
  9180 | D:11     | 9180 ||| INVOKING Heal Wounds.
  9200 | D:11     | 9200 ||| INVOKING Heal Wounds.
  9206 | D:11     | 9206 ||| INVOKING Heal Wounds.
  9207 | D:11     | 9207 ||| INVOKING Heal Wounds.
  9209 | D:11     | 9209 ||| INVOKING Heal Wounds.
  9212 | D:11     | 9212 ||| INVOKING Heal Wounds.
  9217 | D:11     | 9217 ||| INVOKING Heal Wounds.
  9220 | D:11     | HP: 16/97 [tengu reaver/bolt of acid (39)]
  9220 | D:11     | HP: 1/97 [acid (15)]
  9221 | D:11     | 9221 ||| READING 4 scrolls of teleportation.
  9221 | D:11     | Succumbed to a tengu reaver's poison

Vault maps used:
D:1:      minmay_arrival_four_circles
D:3:      first_ration
D:4:      old_standard_altar, kennysheep_generic_room_2
D:5:      basic_altar, gup_sewer_entry_glass, serial_shops, kennysheep_mini
D:6:      temple_fountains, minmay_misc_feat_ornament
D:7:      serial_shops, shop, grunt_potential
D:8:      serial_shops, shop_fountains, the_bakery
D:9:      fedhas_altar_2
D:11:     minmay_glassy_protrusions, lair_entry_dummy, orc_0_dummy
Temple:   nicolae_temple_the_god_donut
Sewer:    sewer_fruit_machine

Skill      XL: |  1  2  3  4  5  6  7  8  9 10 |
---------------+-------------------------------+-----
Axes           | 3 4 5 6 8 9 11 12 13 | 13.2
Dodging        | 1 2 3 |  3.9
Fighting       | 3 4 6 |  6.2
Invocations    | 4 9 |  9.7
Armour         | 4 6 |  6.9
Shields        | |  3.2

Action                   |  1- 3 |  4- 6 |  7- 9 | 10-12 || total
-------------------------+-------+-------+-------+-------++-------
Melee: War axe           |   124 |   148 |   401 |   318 ||   991
Throw: Tomahawk          |       |    13 |    44 |    58 ||   115
 Abil: Heal Wounds       |       |     2 |     9 |    23 ||    34
  Use: Scroll            |    10 |     3 |    15 |     4 ||    32
       Potion            |     2 |     2 |     3 |     5 ||    12
  Eat: Chunk             |     3 |     5 |    19 |     1 ||    28
       Ration            |       |       |     3 |     1 ||     4
Armor: Scale mail        |    68 |    45 |    43 |       ||   156
       Chain mail        |       |       |   200 |   121 ||   321
       Plate armour      |       |       |       |    96 ||    96
Dodge: Dodged            |    38 |    39 |   126 |    60 ||   263
Block: Shield            |    64 |    79 |   226 |   149 ||   518

Table legend:
 A = Spawn XP
 B = Non-spawn XP
 C = Spawn XP percentage of total XP
 D = Spawn monster count
 E = Non-spawn monster count
 F = Spawn count percentage of total count
 G = Total turns spent on level
                    A         B        C        D         E        F      G
               +---------+---------+-------+---------+---------+-------+---------
         Total |       0 |   11333 |   0.0 |       0 |     235 |   0.0 |  9221
               +---------+---------+-------+---------+---------+-------+---------
           D:1 |       0 |      23 |   0.0 |       0 |      13 |   0.0 |   837
           D:2 |       0 |      64 |   0.0 |       0 |      21 |   0.0 |   920
           D:3 |       0 |      65 |   0.0 |       0 |      13 |   0.0 |   603
           D:4 |       0 |     455 |   0.0 |       0 |      22 |   0.0 |   846
           D:5 |       0 |     717 |   0.0 |       0 |      24 |   0.0 |   725
           D:6 |       0 |     747 |   0.0 |       0 |      18 |   0.0 |   903
           D:7 |       0 |    1439 |   0.0 |       0 |      28 |   0.0 |   727
           D:8 |       0 |    1360 |   0.0 |       0 |      22 |   0.0 |   787
           D:9 |       0 |    1219 |   0.0 |       0 |      18 |   0.0 |   863
          D:10 |       0 |    3438 |   0.0 |       0 |      28 |   0.0 |   746
          D:11 |       0 |    1778 |   0.0 |       0 |      12 |   0.0 |   551
         Sewer |       0 |      28 |   0.0 |       0 |      16 |   0.0 |   468
               +---------+---------+-------+---------+---------+-------+---------
